 Dungeon Crawl Stone Soup version 0.29-a0-384-g6960b1960d (webtiles) character file.

Game seed: 7977380089704040432

564151 freelancePsychic the Warrior (level 26, -10/204 HPs)
             Began as a Djinni Conjurer on May 7, 2022.
             Was the Champion of Jiyva.
             Mangled by a hell beast (18 damage)
             ... created by a Zot trap
             ... on level 5 of the Realm of Zot.
             The game lasted 02:33:37 (52969 turns).

freelancePsychic the Warrior (Djinni Conjurer)     Turns: 52969, Time: 02:33:37

Health: -10/204    AC: 18    Str:  6    XL:     26   Next: 70%
Gold:   3454       EV: 18    Int: 33    God:    Jiyva [******] SH: 18 Dex: 17

rFire   + + .      SeeInvis .     - Unarmed
rCold   + + +      Faith    .   l - +5 kite shield {AC+3}
rNeg    . . .      Spirit   +   Z - +4 moon troll leather armour {Spirit, Regen++ MP+5}
rPois   ∞          Reflect  .   (helmet restricted)
rElec   +          Harm     .   e - +1 cloak of Truth {rPois rF- rC+++ Slay+6}
rCorr   +          Rampage  .   y - +2 pair of gloves
Will    ++++.      Clarity  +   (boots unavailable)
Stlth   ++++++....              D - amulet "Tausos" {Regen+ Slay+5}
HPRegen 4.44/turn               m - ring of protection from fire
MPRegen 0.00/turn               P - ring of Digenidd {rElec Will+}

@: death channelling, resistant, fire vulnerable, flying, studying Maces &
Flails, unable to drink
A: sickness immunity, fire resistance 3, cold vulnerability 1, float, innate
caster, HP casting, extra vitality 1, beak, iridescent scales 1, agile 2,
clarity, clever 1, strong-willed 1, sense surroundings 3, robust 1, eyeballs 2,
gelatinous body 1, pseudopods 1, translucent skin 1, MP-powered wands
}: 5/15 runes: barnacled, slimy, silver, abyssal, gossamer
a: Renounce Religion, Oozemancy, Slimify


You were on level 5 of the Realm of Zot.
You worshipped Jiyva.
Jiyva was exalted by your worship.
You visited 11 branches of the dungeon, and saw 54 of its levels.
You visited the Abyss 1 time.
You visited 1 bazaar.
You also visited: Gauntlet and Volcano.

You collected 5970 gold pieces.
You spent 2516 gold pieces at shops.

Inventory:

Armour
 e - the +1 cloak of Truth (worn) {rPois rF- rC+++ Slay+6}
   (You found it in a Gauntlet)

   Slay:      It affects your accuracy & damage with ranged weapons and melee
   (+6).
   rF:        It makes you vulnerable to fire.
   rC:        It renders you almost immune to cold.
   rPois:     It protects you from poison.
 j - a +2 cloak of fire resistance
 l - a +5 kite shield of protection (worn)
 y - a +2 pair of gloves (worn)
 C - a +2 helmet
 Z - the +4 moon troll leather armour (worn) {Spirit, Regen++ MP+5}
   (You found it on level 1 of the Shoals)

   MP:        It affects your magic capacity (+5).
   Regen:     It increases your rate of health regeneration.
Magical Staves
 b - a staff of cold
 w - a staff of earth
 R - a staff of fire
 T - a staff of conjuration
Jewellery
 m - a ring of protection from fire (left hand)
 x - a ring of wizardry
 D - the amulet "Tausos" (around neck) {Regen+ Slay+5}
   (You bought it in a shop on level 2 of the Orcish Mines)

   [amulet of regeneration]

   Slay:      It affects your accuracy & damage with ranged weapons and melee
   (+5).
   Regen:     It increases your rate of health regeneration.
 G - the ring of Zoin Jio {rC++ Int+6}
   (You found it on level 2 of the Elven Halls)

   [ring of intelligence]

   Int:       It affects your intelligence (+6).
   rC:        It greatly protects you from cold.
 P - the ring of Digenidd (right hand) {rElec Will+}
   (You found it in a Gauntlet)

   [ring of willpower]

   rElec:     It insulates you from electricity.
   Will:      It increases your willpower.
 U - a ring of protection from cold
Wands
 a - a wand of acid (11)
 h - a wand of charming (13)
 p - a wand of flame (16)
 r - a wand of iceblast (62)
 u - a wand of polymorph (16)
 J - a wand of digging (24)
 L - a wand of mindburst (17)
 M - a wand of paralysis (12)
Scrolls
 d - 4 scrolls of enchant armour
 g - 13 scrolls of teleportation {@r4}
 i - 2 scrolls of torment
 k - 3 scrolls of brand weapon
 n - a scroll of vulnerability
 q - a scroll of fear
 F - 5 scrolls of immolation
 N - a scroll of silence
 O - 6 scrolls of fog
 Q - 3 scrolls of noise
 S - 3 scrolls of magic mapping
 W - 4 scrolls of poison
 Y - 22 scrolls of identify {@r1}
Potions
 c - 9 potions of heal wounds {@q2}
 f - 6 potions of resistance
 o - 11 potions of mutation
 s - 8 potions of degeneration
 t - 5 potions of might
 v - 9 potions of ambrosia
 z - 11 potions of flight
 A - 9 potions of haste {@q3}
 B - 16 potions of curing {@q1}
 E - 4 potions of cancellation
 H - 8 potions of lignification
 I - 12 potions of brilliance
 V - 7 potions of attraction
 X - 2 potions of invisibility


   Skills:
 - Level 20.0 Fighting
 - Level 6.0 Armour
 - Level 13.2 Dodging
 - Level 11.5 Stealth
 - Level 13.2 Shields
 - Level 19.3 Unarmed Combat
 * Level 19.3 Spellcasting


You couldn't memorise any spells.
You knew the following spells:

 Your Spells              Type           Power      Damage    Failure   Level
a - Ozocubu's Refrigerat  Ice            51%        4d15      1%          7
b - Infestation           Necr           51%        N/A       7%          8
c - Death Channel         Necr           51%        N/A       1%          6
d - Fulminant Prism       Conj/Hex       51%        3d23      0%          4
e - Iskenderun's Mystic   Conj/Tloc      100%       2d19      0%          4
f - Spellforged Servitor  Conj/Summ      51%        N/A       1%          7
g - Magic Dart            Conj           100%       1d8       0%          1
h - Wereblood             Tmut           100%       N/A       0%          2
i - Animate Dead          Necr           51%        N/A       0%          4
j - Animate Armour        Summ/Erth      100%       N/A       0%          4
k - Dazzling Flash        Conj/Hex       100%       N/A       0%          3
l - Scorch                Fire           100%       2d10      0%          2
m - Sandblast             Erth           100%       2d20      0%          1
n - Conjure Ball Lightni  Conj/Air       51%        3x3d18    1%          6
o - Borgnjor's Revivific  Necr           51%        N/A       7%          8
p - Searing Ray           Conj           100%       2d8       0%          2
q - Blade Hands           Tmut           51%        N/A       1%          5
Your spell library was empty.

Dungeon Overview and Level Annotations

Branches:
Dungeon (15/15)            Temple (1/1) D:5            Lair (6/6) D:8
 Shoals (4/4) Lair:3       Spider (4/4) Lair:2        Slime (5/5) Lair:5
    Orc (2/2) D:11            Elf (3/3) Orc:2        Vaults (5/5) D:14
  Crypt (0/3) Vaults:2     Depths (4/4) D:15            Zot (5/5) Depths:4
Volcano (visited)         Gauntlet (visited)

Altars:
Cheibriados
Kikubaaqudgha
Qazlal
Sif Muna
Trog
Vehumet
Xom
The Shining One
Beogh
Jiyva
Lugonu

Shops:
D:1 ?   D:2 !   D:8 [   D:9 *?   Orc:1 *   Orc:2 [[=[   Shoals:1 [   Vaults:1 (
Vaults:4 *   Depths:4 =:=

Portals:
Hell: Depths:1 Depths:2 Depths:3 Depths:4
Abyss: Lair:6 Depths:1 Depths:3 Depths:4
Pandemonium: Depths:2
Ziggurat: Depths:4

Annotations:
D:4 Natasha
D:10 1 runed translucent door, greenreed's ghost, journeyman GnMo
D:11 1 runed translucent door
Shoals:1 1 runed translucent door, BeAPotato's ghost, adept OgTm
Spider:3 1 runed translucent door, sirJeffrey23's ghost, adept HOMo
Slime:5 Royal Jelly
Elf:2 3 runed translucent doors
Elf:3 2 transporters, pigah's ghost, adept OpAE
Vaults:1 2 transporters, JumbleTraveling's ghost, adept GrBe
Depths:1 exclusions: ettin, juggernaut and stone giant
Depths:4 5 runed translucent doors, exclusions: downstairs, dread lich and 3 more exclusions


Innate Abilities, Weirdness & Mutations

You are immune to sickness and miasma.
You are immune to poison.
Your flesh is almost immune to the effects of heat. (rF+++)
You are vulnerable to cold. (rC-)
You float through the air rather than walking.
You learn spells naturally, not from books.
Your magical power is your life essence.
You have superior vitality. (+4 MHP)
You have a beak for a mouth.
You are partially covered in iridescent scales. (AC +2)
You are very agile. (Dex +4)
You possess an exceptional clarity of mind.
Your mind is acute. (Int +2)
You are strong-willed. (Will+)
You passively map a large area around you.
You are robust. (+10% HP)
Your body has grown many eyes which may confuse attackers. (Acc +5)
Your rubbery body absorbs attacks. (AC +1, EV +1)
Armour fits poorly on your pseudopods.
Your translucent skin slightly reduces your foes' accuracy. (Stealth+)
You expend health (3 HP) to strengthen your wands.


Message History

You tear a large gash into the net.
The Orb Guardian hits you!!
* * * LOW HITPOINT WARNING * * *
The Orb Guardian closely misses you. The Orb Guardian hits you!
* * * LOW HITPOINT WARNING * * *
You rip the net and break free!
You block the Orb Guardian's attack.
An Orb Guardian comes into view.
You hear some strange, mumbled words.
The Orb Guardian closely misses you. The Orb Guardian hits you!
* * * LOW HITPOINT WARNING * * *
You cannot drink potions in your current state!
You hear a loud "Zot"!
The electric golem fails to trigger a net trap.
Okay, then.
Okay, then.
Okay, then.
Really fly into that net trap?
The Orb Guardian attacks as you move away!
The Orb Guardian hits you!
* * * LOW HITPOINT WARNING * * *
You become entangled in the net!
You hear a distant slurping noise.
The Killer Klown blinks!
There is a net trap here.
You see here a throwing net.
You struggle against the net.
The Orb Guardian hits your death scarab.
Something touches you!
* * * LOW HITPOINT WARNING * * *
The Orb Guardian enters a dispersal trap!
The Orb Guardian blinks!
The orb of fire blinks!
The Orb Guardian blinks! x3
The Killer Klown blinks!
The Orb Guardian blinks!
You blink.
You enter the Zot trap.
The power of Zot is invoked against you!
You sense a hostile presence.
A hell beast comes into view.
You block the Orb Guardian's attack.
Your death scarab bites the Orb Guardian!
Your death scarab draws strength from the Orb Guardian's injuries!
You block the Orb Guardian's attack. The hell beast bites you!!
You die...

,,,,,,,^...^.......▓*,,,,,,,,.▓▓.
,,,,,,,^......X....▓**,^^,,^.▓*▓.
,,,,,,,...........^# ********* *,
..,,,,,.........L.## **
...,,,,...D.....▓## *
....,,,......▓▓▓▓
...8##▓▓▓▓▓▓▓▓▓▓▓#
!..^..p..*9§X§.X^### **
.......X.....##B@2.#* **,
...§.....9.§X.###.B.#**********,,
.......§.p....$#*#......^,,,,,,,,
........§..*...# *#..^..,,,,,,,,*
...^.......§...# *.............*
.......^..§....# *#........^..#*
......../......# #...........#
......^........# ##...........##
........^.....## #.............#


You could see a hell beast, 2 Orb Guardians and 2 friendly death scarabs.

Vanquished Creatures
  3 dread liches (Vaults:5)
  An ancient lich (Vaults:4)
  Margery (Vaults:3)
  4 golden dragons
  2 bone dragons
  A profane servitor (Abyss:5)
  A lich (Depths:3)
  4 Orb Guardians (Zot:5)
  2 titans (Vaults:5)
  5 tentacled monstrosities
  2 quicksilver dragons
  2 deep elf blademasters (Elf:3)
  4 sphinxes
  An Executioner (Abyss:5)
  A deep elf master archer (Elf:3)
  4 tentacled starspawn (Abyss:5)
  4 shadow dragons (Vaults:5)
  Polyphemus (Shoals:4)
  6 storm dragons
  2 draconian monks
  5 tengu reavers
  6 fire giants
  A draconian knight (Depths:4)
  8 deep elf sorcerers
  10 frost giants
  A balrug (Depths:3)
  2 ghost moths
  11 vault wardens
  5 spectral caustic shrikes (Depths:1)
  2 cacodemons
  2 orc warlords (Vaults:4)
  3 deep elf elementalists (Elf:3)
  A draconian stormcaller (Depths:4)
  6 war gargoyles
  8 ironbound preservers
  21 very ugly things
  A spriggan defender (Depths:4)
  3 vampire knights
  5 ironbound thunderhulks
  4 broodmothers
  3 deep elf demonologists
  13 stone giants
  A deep elf annihilator (Vaults:5)
  3 green draconians (Depths:4)
  4 white draconians (Depths:4)
  A lorocyproca (Depths:2)
  3 black draconians (Depths:4)
  4 dire elephants (Vaults:4)
  A purple draconian (Depths:4)
  A minotaur (Shoals:4)
  2 red draconians
  4 entropy weavers
  3 spark wasps
  2 crystal guardians (Vaults:3)
  11 fire dragons
  A deep elf death mage (Elf:1)
  5 ettins
  3 deep elf high priests
  12 yaktaur captains
  35 vault guards
  3 peacekeepers (Vaults:3)
  2 spriggan air magi (Depths:1)
  A spriggan skeleton (Abyss:4)
  7 hydras
  7 ice dragons
  2 jorogumos (Spider:2)
  A merfolk avatar (Abyss:5)
  2 rakshasas
  4 ogre magi
  Erica (D:10)
  5 boulder beetles
  4 centaur warriors
  A catoblepas (Shoals:4)
  10 ironbound frosthearts
  14 two-headed ogres
  18 dancing weapons
  A two-headed ogre (shapeshifter) (Vaults:5)
  3 satyrs (Shoals:4)
  3 deep troll earth magi
  9 tengu warriors
  2 naga warriors (Abyss:4)
  4 deep troll shamans
  A vampire mage (Depths:4)
  3 death yaks
  8 thrashing horrors
  3 spriggan berserkers
  2 orc high priests
  3 hell hogs (Depths:2)
  12 deep elf knights
  5 wretched stars
  A sun demon (Depths:3)
  Nergalle (Lair:4)
  12 hell knights
  2 soul eaters
  3 iron trolls
  7 sixfirhies
  10 skeletal warriors
  A spark wasp zombie (Depths:2)
  A spatial maelstrom (Abyss:5)
  28 deep trolls
  2 shadow demons
  A shadow wraith (Vaults:5)
  A sun moth (Spider:2)
  A steelbarb worm (Spider:1)
  2 sea snakes (Shoals:4)
  3 starcursed masses (Abyss:5)
  6 lindwurms
  A flayed ghost (Depths:2)
  8 phantasmal warriors
  16 ironbound convokers
  2 orb spiders
  Pikel (D:6)
  7 deep elf archers
  An anaconda skeleton (Volcano)
  18 deep elf zephyrmancers
  9 wizards
  A lindwurm (shapeshifter) (Vaults:5)
  9 necromancers
  12 harpies
  19 deep elf pyromancers
  8 wolf spiders
  7 orc knights
  48 ugly things
  A tengu skeleton (Vaults:2)
  2 fauns (Shoals:4)
  An orc sorcerer (Orc:2)
  5 manticores
  A frost giant skeleton (Depths:2)
  A merfolk siren (Shoals:4)
  4 moths of wrath
  4 worldbinders (Abyss:5)
  A fire giant skeleton (Depths:2)
  A human skeleton (Vaults:2)
  A fire giant zombie (Vaults:2)
  A moth of wrath (shapeshifter) (Vaults:5)
  9 cyclopes
  Maurice (D:8)
  An apocalypse crab (Abyss:5)
  4 elephants (Lair:6)
  A rust devil (Gauntlet)
  4 black mambas
  13 vault sentinels
  Joseph (D:8)
  3 torpor snails
  6 gargoyles
  A guardian serpent (Abyss:4)
  A guardian serpent (shapeshifter) (Elf:2)
  7 smoke demons
  A cane toad (shapeshifter) (D:14)
  3 orange demons
  A hellion (Abyss:4)
  An unseen horror (D:10)
  7 komodo dragons
  13 cane toads
  A yaktaur (shapeshifter) (Vaults:5)
  3 freezing wraiths
  2 ice devils (Depths:2)
  3 demonic crawlers
  9 rime drakes
  18 yaktaurs
  A yaktaur zombie (Vaults:2)
  A yaktaur skeleton (Vaults:2)
  6 ancient zymes
  8 tengu conjurers
  2 red devils (Depths:2)
  3 polar bears
  3 meliai (D:13)
  A wind drake (shapeshifter) (Spider:2)
  A merfolk (Shoals:4)
  16 trolls
  3 hornets
  Grinder (D:6)
  15 raiju
  7 tarantellas
  A slime creature (Vaults:1)
  A hydra skeleton (Abyss:4)
  3 tyrant leeches (Depths:4)
  18 blink frogs
  6 dream sheep (Lair:5)
  A raiju (shapeshifter) (D:14)
  A centaur simulacrum (D:15)
  9 culicivoras
  6 ynoxinuls
  An alligator skeleton (Volcano)
  2 air elementals
  11 jumping spiders
  An ettin skeleton (Vaults:2)
  2 flying skulls (Volcano)
  3 spriggans
  3 wraiths
  3 fire elementals
  A vampire (D:13)
  7 wyverns
  2 shadows
  24 large abominations
  45 yaks
  10 basilisks
  10 water elementals
  32 redbacks
  A steam dragon (D:5)
  5 neqoxecs
  7 chaos spawn
  5 vampire mosquitoes (D:14)
  An elf skeleton (Vaults:2)
  3 wargs
  An acid dragon (shapeshifter) (Lair:6)
  13 water moccasins
  29 orc warriors
  2 acid dragons (D:11)
  A swamp drake (D:11)
  26 ogres
  A sky beast (D:7)
  An ice beast (Abyss:4)
  An ogre (shapeshifter) (Elf:1)
  4 black bears
  4 ettin simulacra
  21 wolves
  2 boggarts (Vaults:2)
  9 centaurs
  A kobold brigand (D:10)
  Blork the orc (D:6)
  2 elf zombies (Elf:1)
  14 bullfrogs
  2 gnoll sergeants
  2 necrophages (D:7)
  An earth elemental (Abyss:4)
  4 scorpions
  14 small abominations
  11 wights
  A jelly (Elf:3)
  6 killer bees (D:10)
  A troll skeleton (Volcano)
  9 electric eels
  5 howler monkeys
  3 hounds
  4 iron imps (Gauntlet)
  16 orc priests
  Ijyb (D:3)
  2 iguanas (D:4)
  Natasha (D:4)
  16 orc wizards
  2 naga skeletons (Volcano)
  15 gnolls
  6 adders
  A white imp (Vaults:3)
  4 ufetubi
  A dart slug (D:5)
  51 orcs
  11 bats
  5 endoplasms
  9 giant cockroaches
  5 goblins
  11 hobgoblins
  4 jackals
  4 quokkas
  4 ball pythons
  3 frilled lizards
  15 kobolds
  6 rats
  3 starspawn tentacles (Abyss:5)
1480 creatures vanquished.

Vanquished Creatures (collateral kills)
  Frederick (Depths:4)
  A curse toe (Zot:5)
  A golden dragon (Zot:5)
  4 tentacled monstrosities (Zot:5)
  A lich (Depths:1)
  A sphinx (Vaults:3)
  A shadow dragon (Vaults:3)
  2 storm dragons (Zot:5)
  A frost giant (Depths:4)
  A fire giant (Depths:4)
  A draconian knight (Zot:4)
  A draconian scorcher (Zot:4)
  3 vault wardens
  2 ironbound preservers
  4 very ugly things
  3 stone giants
  2 ironbound thunderhulks
  2 white draconians (Depths:4)
  A deep elf annihilator (Elf:3)
  2 black draconians (Depths:4)
  A spark wasp (Depths:1)
  An entropy weaver (Vaults:4)
  A purple draconian (Zot:4)
  A yellow draconian (Zot:5)
  A yaktaur captain (Vaults:3)
  2 boulder beetles (Depths:4)
  A peacekeeper (Vaults:1)
  3 ironbound frosthearts
  A centaur warrior (D:14)
  A vampire mage (Depths:4)
  3 thrashing horrors (Abyss:5)
  A spriggan berserker (Depths:4)
  An iron troll (Depths:2)
  A hell knight (Vaults:3)
  7 deep trolls
  2 flayed ghosts
  3 ironbound convokers
  A wizard (Vaults:2)
  4 necromancers
  3 ugly things
  A worldbinder (Abyss:5)
  3 moths of wrath
  2 vault sentinels
  9 yaktaurs
  A raiju (Abyss:5)
  A tyrant leech (Depths:4)
  A shadow (Abyss:5)
  A culicivora (Vaults:4)
  A wraith (Vaults:2)
  Grum (D:8)
  2 large abominations (Abyss:5)
  A warg (D:8)
  A naga zombie (Abyss:5)
  A small abomination (Abyss:5)
  2 orc warriors (Vaults:2)
  A wolf (D:8)
  A human skeleton (Vaults:2)
  2 wights (D:8)
  An orc priest (Vaults:2)
  4 orcs
  24 ball lightnings
  2 starspawn tentacles (Abyss:5)
137 creatures vanquished.

Vanquished Creatures (others)
  Mara (Spider:4)
  Nikola (Spider:3)
  Arachne (Spider:3)
  Mlioglotl (Spider:4)
  2 deep elf blademasters (Elf:3)
  Asterion (Spider:3)
  3 sphinxes (Shoals:4)
  A deep elf sorcerer (Elf:3)
  A ghost moth (shapeshifter) (Abyss:5)
  2 ghost moths (Spider:4)
  2 fire giants
  2 ironbound preservers
  2 broodmothers (Spider:4)
  2 eleionomae (Shoals:3)
  A black draconian (Zot:4)
  A deep elf demonologist (Elf:3)
  3 entropy weavers
  A crystal guardian (Abyss:5)
  5 merfolk impalers
  A fire dragon (Depths:2)
  3 merfolk javelineers
  2 boulder beetles (Spider:1)
  6 great orbs of eyes
  2 ironbound frosthearts
  2 radroaches
  3 merfolk avatars
  A radroach (shapeshifter) (Abyss:5)
  4 merfolk aquamancers
  4 centaur warriors (Vaults:2)
  15 satyrs
  An alligator snapping turtle (Shoals:1)
  An alligator (shapeshifter) (Abyss:5)
  A sun moth (Spider:1)
  4 glowing orange brains
  A pharaoh ant (Spider:3)
  2 steelbarb worms
  9 sea snakes
  A deep troll (Vaults:2)
  An orb spider (Spider:2)
  A wizard (Vaults:4)
  15 harpies
  A lindwurm (Vaults:3)
  A deep elf pyromancer (Elf:3)
  4 ironbound convokers
  5 manticores
  10 wolf spiders
  30 fauns
  5 merfolk sirens
  A guardian serpent (shapeshifter) (Abyss:5)
  A moth of wrath (Spider:4)
  A water nymph (shapeshifter) (Elf:3)
  7 water nymphs
  A vault sentinel (Vaults:3)
  5 yaktaurs
  A demonic crawler (Spider:1)
  A troll (Vaults:2)
  22 merfolk
  4 meliai (Spider:4)
  A meliai (shapeshifter) (Vaults:5)
  42 slime creatures
  12 tarantellas
  A raiju (Abyss:5)
  8 wind drakes
  6 snapping turtles
  14 jumping spiders
  11 culicivoras
  A wraith (Vaults:2)
  7 water elementals
  2 golden eyes (Abyss:5)
  A golden eye (shapeshifter) (Abyss:5)
  39 redbacks
  A floating eye (Depths:1)
  A water moccasin (Lair:2)
  2 orc warriors (Vaults:2)
  A centaur (Shoals:3)
  A boggart (Vaults:2)
  A kobold brigand (D:9)
  A bullfrog (Lair:2)
  A gnoll sergeant (D:9)
  229 jellies
  3 starcursed masses (Abyss:5)
  2 orc priests
  4 orc wizards
  3 gnolls (D:9)
  An ufetubus (Vaults:3)
  10 orcs
  2 kobolds (D:9)
  534 ball lightnings
  55 fulminant prisms
  78 fungi
  120 plants
  6 starspawn tentacles (Abyss:5)
1414 creatures vanquished.

Grand Total: 3031 creatures vanquished

Notes
Turn   | Place    | Note
-------+----------+-------------------------------------------
     0 | D:1      | freelancePsychic the Djinni Conjurer began the quest for
                  | the Orb.
     0 | D:1      | Reached XP level 1. HP: 15/15 MP: 0/0
   270 | D:1      | Reached XP level 2. HP: 19/22 MP: 0/0
   709 | D:1      | Found a faded altar of an unknown god.
   734 | D:1      | Reached skill level 1 in Fighting
   804 | D:1      | Found Buf Wih's Magic Scroll Emporium.
   813 | D:1      | Bought a scroll of identify for 28 gold pieces
   813 | D:1      | Bought a scroll of identify for 28 gold pieces
   870 | D:1      | Reached XP level 3. HP: 26/27 MP: 0/0
   870 | D:1      | Learned a level 1 spell: Sandblast
  1798 | D:2      | Found Pad Vaar's Distillery.
  1802 | D:2      | Reached XP level 4. HP: 29/32 MP: 0/0
  1909 | D:2      | Bought a potion of curing for 36 gold pieces
  1945 | D:2      | Reached skill level 2 in Fighting
  2272 | D:2      | Reached XP level 5. HP: 34/38 MP: 0/0
  2272 | D:2      | Learned a level 2 spell: Scorch
  2828 | D:3      | Noticed Ijyb
  2833 | D:3      | Killed Ijyb
  3687 | D:4      | Noticed Natasha
  3695 | D:4      | Killed Natasha
  3696 | D:4      | Reached XP level 6. HP: 20/45 MP: 0/0
  4170 | D:4      | Noticed an ogre
  4225 | D:4      | Reached skill level 3 in Fighting
  4437 | D:5      | Entered Level 5 of the Dungeon
  4447 | D:5      | Noticed an ogre
  4460 | D:5      | Found a staircase to the Ecumenical Temple.
  4472 | Temple   | Entered the Ecumenical Temple
  4519 | D:5      | Noticed a black bear
  4525 | D:5      | Killed a black bear
  4526 | D:5      | Reached skill level 5 in Spellcasting
  4580 | D:5      | Reached XP level 7. HP: 39/50 MP: 0/0
  4580 | D:5      | Learned a level 2 spell: Wereblood
  4998 | D:5      | Reached skill level 4 in Fighting
  5385 | D:4      | Noticed Natasha
  5466 | D:4      | Reached XP level 8. HP: 46/58 MP: 0/0
  6126 | D:6      | You are sucked into a shaft and drop 3 floors!
  6126 | D:9      | Noticed a yak
  6126 | D:9      | Noticed a yak
  6126 | D:9      | Noticed a yak
  6127 | D:9      | Noticed a yak
  6127 | D:9      | Noticed a yak
  6133 | D:9      | Killed a yak
  6134 | D:9      | Killed a yak
  6135 | D:9      | Reached skill level 5 in Fighting
  6135 | D:9      | Killed a yak
  6136 | D:9      | Killed a yak
  6137 | D:9      | Reached XP level 9. HP: 55/65 MP: 0/0
  6137 | D:9      | Learned a level 4 spell: Animate Dead
  6268 | D:9      | Found Roqol's Magic Scroll Shop.
  6283 | D:9      | Noticed a gargoyle
  6365 | D:8      | Reached skill level 5 in Dodging
  6366 | D:8      | Reached skill level 6 in Fighting
  6420 | D:8      | Found Ofab's Antique Armour Shoppe.
  6751 | D:8      | Reached XP level 10. HP: 60/73 MP: 0/0
  6752 | D:8      | Noticed Grum
  6763 | D:8      | Reached skill level 7 in Fighting
  6768 | D:8      | Killed Grum
  6838 | D:8      | Noticed Maurice
  6857 | D:8      | Found a staircase to the Lair.
  7158 | D:6      | Noticed Blork the orc
  7732 | D:6      | Noticed Pikel
  8079 | D:6      | Killed Pikel
  8092 | D:6      | Killed Blork the orc
  8322 | D:6      | Reached skill level 8 in Fighting
  8477 | D:6      | Noticed Grinder
  8490 | D:6      | Paralysed by Grinder for 4 turns
  8823 | D:6      | Killed Grinder
  8824 | D:6      | Reached XP level 11. HP: 44/81 MP: 0/0
  8824 | D:6      | Learned a level 4 spell: Animate Armour
  9736 | D:8      | Bought a helmet for 135 gold pieces
  9845 | Lair:1   | Entered Level 1 of the Lair of Beasts
 10058 | Lair:1   | Reached skill level 10 in Spellcasting
 10861 | Lair:1   | Noticed a four-headed hydra
 10869 | Lair:1   | Killed a four-headed hydra
 10870 | Lair:1   | Reached skill level 9 in Fighting
 10995 | Lair:1   | Found the +4 skin of Zhor {*Englaciate rC+++ SInv}
 11356 | Lair:1   | Identified a scroll of acquirement
 11926 | Lair:2   | You are sucked into a shaft and drop 1 floor!
 12005 | Lair:3   | Reached XP level 12. HP: 44/90 MP: 0/0
 12657 | Lair:3   | Found a staircase to the Shoals.
 13471 | Lair:4   | Noticed Nergalle
 13479 | Lair:4   | Killed Nergalle
 13480 | Lair:4   | Reached skill level 10 in Dodging
 13493 | Lair:4   | Reached skill level 10 in Fighting
 14988 | Lair:5   | Found a runed translucent door.
 15163 | Lair:5   | Found a viscous altar of Jiyva.
 15175 | Lair:5   | Found a staircase to the Slime Pits.
 15175 | Lair:5   | Noticed an acid blob
 15175 | Lair:5   | Noticed an acid blob
 15327 | Lair:5   | Reached XP level 13. HP: 48/97 MP: 0/0
 15327 | Lair:5   | Learned a level 5 spell: Blade Hands
 16106 | Lair:5   | Became a worshipper of Jiyva Jaajuf the Shapeless
 16257 | Lair:6   | Entered Level 6 of the Lair of Beasts
 16273 | Lair:6   | Reached skill level 11 in Fighting
 16470 | Lair:6   | Noticed a four-headed hydra
 16478 | Lair:6   | Killed a four-headed hydra
 16487 | Lair:6   | Noticed a seven-headed hydra
 16497 | Lair:6   | Killed a seven-headed hydra
 17413 | Lair:2   | Noticed a five-headed hydra
 17424 | Lair:2   | Killed a five-headed hydra
 17794 | Lair:2   | Found a hole to the Spider Nest.
 17938 | Lair:2   | Reached * piety under Jiyva
 18480 | D:8      | Killed Maurice
 18865 | D:8      | Reached ** piety under Jiyva
 18931 | D:8      | Noticed Joseph
 18944 | D:8      | Killed Joseph
 19476 | D:9      | Found a snail-covered altar of Cheibriados.
 19645 | D:9      | Found Ysidal's Neck Hole.
 19653 | D:9      | Bought an amulet of regeneration for 390 gold pieces
 19895 | D:10     | Entered Level 10 of the Dungeon
 19916 | D:10     | Found a runed translucent door.
 19916 | D:10     | Found a shimmering altar of Xom.
 19916 | D:10     | Noticed greenreed's ghost (journeyman GnMo)
 19927 | D:10     | Reached *** piety under Jiyva
 20016 | D:10     | Gained mutation: Your muscles are strong. (Str +2) [Jiyva's
                  | grace]
 20016 | D:10     | Gained mutation: Your muscles are very strong. (Str +4)
                  | [Jiyva's grace]
 20016 | D:10     | Gained mutation: Your mind is acute. (Int +2) [Jiyva's
                  | grace]
 20016 | D:10     | Gained mutation: Your mind is very acute. (Int +4) [Jiyva's
                  | grace]
 20073 | D:10     | Reached XP level 14. HP: 104/106 MP: 0/0
 20189 | D:10     | Noticed Erica
 20202 | D:10     | Killed Erica
 20368 | D:10     | Acquired 1211 gold pieces
 20370 | D:10     | Acquired a +1 kite shield of protection
 20712 | D:11     | Found a runed translucent door.
 20808 | D:11     | Reached skill level 1 in Shields
 20894 | D:11     | Reached skill level 12 in Fighting
 20903 | D:11     | Found a staircase to the Orcish Mines.
 21015 | D:11     | Reached **** piety under Jiyva
 21536 | D:12     | Found a gate leading to a gauntlet.
 21564 | Gauntlet | Entered a Gauntlet
 21564 | Gauntlet | Found a transporter.
 21564 | Gauntlet | Found a transporter.
 21568 | Gauntlet | Found a transporter.
 21568 | Gauntlet | Found a transporter.
 21587 | Gauntlet | Found a transporter.
 21593 | Gauntlet | Noticed a cacodemon
 21597 | Gauntlet | Found a transporter.
 21597 | Gauntlet | Found a transporter.
 21602 | Gauntlet | Found a transporter.
 21615 | Gauntlet | Gained mutation: You expend health (3 HP) to strengthen
                  | your wands. [Jiyva's grace]
 21615 | Gauntlet | Gained mutation: Armour fits poorly on your pseudopods.
                  | [Jiyva's grace]
 21615 | Gauntlet | Gained mutation: Armour fits poorly on your large
                  | pseudopods. [Jiyva's grace]
 21615 | Gauntlet | Gained mutation: Armour fits poorly on your massive
                  | pseudopods. [Jiyva's grace]
 21621 | Gauntlet | Found a transporter.
 21630 | Gauntlet | Found a transporter.
 21650 | Gauntlet | Found a transporter.
 21696 | Gauntlet | Found a transporter.
 21701 | Gauntlet | Reached ***** piety under Jiyva
 21712 | Gauntlet | Found a transporter.
 21805 | Gauntlet | Found a transporter.
 21815 | Gauntlet | Found a transporter.
 21829 | Gauntlet | Found a transporter.
 21986 | Gauntlet | Identified the ring of Digenidd {rElec Will+}
 22017 | Gauntlet | Killed a cacodemon
 22023 | Gauntlet | Identified the amulet "Vaprucuh" {Faith rF+ rC- rN+ Int+2
                  | SInv}
 22038 | Gauntlet | Identified the +10 plate armour of Miracles {rF- rC+ Dex+5}
 22038 | Gauntlet | Noticed a minotaur
 22051 | Gauntlet | Slimified a minotaur
 22051 | Gauntlet | a minotaur changed into a slime creature
 22063 | Gauntlet | Identified the +1 cloak of Truth {rPois rF- rC+++ Slay+6}
 22798 | D:13     | Reached skill level 5 in Shields
 23504 | D:14     | Found a flickering gateway to a bazaar.
 23510 | Bazaar   | Entered a bazaar
 23535 | Bazaar   | Found Lathrive's Armour Emporium.
 23546 | Bazaar   | Found Cilos's Distillery.
 23564 | Bazaar   | Lost mutation: Armour fits poorly on your massive
                  | pseudopods. [Jiyva's grace]
 23564 | Bazaar   | Lost mutation: Armour fits poorly on your large pseudopods.
                  | [Jiyva's grace]
 23564 | Bazaar   | Gained mutation: You are agile. (Dex +2) [Jiyva's grace]
 23564 | Bazaar   | Gained mutation: You are very agile. (Dex +4) [Jiyva's
                  | grace]
 23564 | Bazaar   | Gained mutation: You have acidic saliva. [Jiyva's grace]
 23564 | Bazaar   | Gained mutation: You possess an exceptional clarity of
                  | mind. [Jiyva's grace]
 23594 | Bazaar   | Found Midusmeg's General Store.
 23620 | Bazaar   | Found Yhaezxa's Distillery.
 23628 | Bazaar   | Bought a potion of haste for 130 gold pieces
 23628 | Bazaar   | Bought a potion of heal wounds for 65 gold pieces
 23682 | Bazaar   | Found Usumy's General Store.
 23687 | Bazaar   | Bought a scroll of teleportation for 48 gold pieces
 23705 | Bazaar   | Bought a potion of haste for 150 gold pieces
 23705 | Bazaar   | Bought a potion of brilliance for 60 gold pieces
 23705 | Bazaar   | Bought a potion of heal wounds for 75 gold pieces
 23816 | D:14     | Found a gate to the Vaults.
 23825 | D:14     | Reached XP level 15. HP: 96/113 MP: 0/0
 23825 | D:14     | Learned a level 6 spell: Conjure Ball Lightning
 23972 | D:14     | Reached skill level 13 in Fighting
 24288 | D:15     | Entered Level 15 of the Dungeon
 24293 | D:15     | Reached ****** piety under Jiyva
 24391 | D:15     | Noticed a stone giant
 24394 | D:15     | Killed a stone giant
 24750 | Slime:1  | Entered Level 1 of the Pits of Slime
 24758 | Slime:2  | Noticed an azure jelly
 24793 | Slime:5  | Entered Level 5 of the Pits of Slime
 24799 | Slime:5  | Noticed an acid blob
 24808 | Slime:5  | Noticed a rockslime
 24813 | Slime:5  | Noticed an acid blob
 24814 | Slime:5  | Found a viscous altar of Jiyva.
 24815 | Slime:5  | Noticed an acid blob
 24815 | Slime:5  | Noticed an azure jelly
 24816 | Slime:5  | Noticed the Royal Jelly
 24818 | Slime:5  | Noticed an acid blob
 24819 | Slime:5  | Noticed a rockslime
 24820 | Slime:5  | Identified the ring of Discretion {MP+9 Int+2 Dex+4 Slay-3}
 24821 | Slime:5  | Noticed an acid blob
 24828 | Slime:5  | Noticed an acid blob
 24838 | Slime:5  | Got a slimy rune of Zot
 24839 | Slime:5  | Identified the +4 battleaxe of Law {drain, rCorr Dex+3}
 24849 | Slime:5  | Identified the +4 glaive of Mifeuf {elec, rElec rF+ Str+3}
 24858 | Slime:5  | Noticed an acid blob
 24864 | Slime:5  | Noticed an acid blob
 24920 | Slime:4  | Noticed an azure jelly
 24920 | Slime:4  | Noticed an acid blob
 24940 | Slime:1  | Noticed an acid blob
 25596 | Lair:6   | Reached skill level 10 in Shields
 26084 | Lair:6   | Lost mutation: You are very agile. (Dex +4) [Jiyva's grace]
 26084 | Lair:6   | Lost mutation: You possess an exceptional clarity of mind.
                  | [Jiyva's grace]
 26084 | Lair:6   | Gained mutation: You are partially covered in iridescent
                  | scales. (AC +2) [Jiyva's grace]
 26084 | Lair:6   | Gained mutation: You are mostly covered in iridescent
                  | scales. (AC +4) [Jiyva's grace]
 26084 | Lair:6   | Gained mutation: You are completely covered in iridescent
                  | scales. (AC +6) [Jiyva's grace]
 26084 | Lair:6   | Gained mutation: Your skin changes colour to match your
                  | surroundings (Stealth+). [Jiyva's grace]
 26101 | Lair:6   | Found a corrupted altar of Lugonu.
 26101 | Lair:6   | Found a one-way gate to the infinite horrors of the Abyss.
 26106 | Lair:6   | Reached XP level 16. HP: 119/122 MP: 0/0
 26567 | Orc:1    | Entered Level 1 of the Orcish Mines
 26620 | Orc:1    | Found Qulorosko's CLEARANCE SALE!.
 26623 | Orc:1    | You are sucked into a shaft and drop 1 floor!
 26623 | Orc:2    | Entered Level 2 of the Orcish Mines
 26623 | Orc:2    | Found Gaczitia's Armour Shoppe.
 26636 | Orc:2    | Reached skill level 14 in Fighting
 26761 | Orc:2    | Found Imor's Armour Boutique.
 26769 | Orc:2    | Found Fuahore's Antique Armour Emporium.
 26770 | Orc:2    | Found Estruvean's Jewellery Emporium.
 26819 | Orc:2    | Found a dark tunnel.
 26833 | Volcano  | Entered a volcano
 27249 | Orc:2    | Found a staircase to the Elven Halls.
 27461 | Orc:2    | Bought a spiked leather armour for 210 gold pieces
 27461 | Orc:2    | Identified the +3 leather armour of the Gloaming {Will++
                  | Dex+4} (You bought it in a shop on level 2 of the Orcish
                  | Mines)
 27788 | Orc:1    | Bought a potion of might for 16 gold pieces
 28162 | D:15     | Lost mutation: You are agile. (Dex +2) [Jiyva's grace]
 28162 | D:15     | Lost mutation: Your muscles are very strong. (Str +4)
                  | [Jiyva's grace]
 28162 | D:15     | Gained mutation: You have a small jelly attached to you
                  | that senses nearby items. [Jiyva's grace]
 28162 | D:15     | Gained mutation: Your melee attacks may engulf your foes in
                  | ooze. [Jiyva's grace]
 28162 | D:15     | Gained mutation: You are agile. (Dex +2) [Jiyva's grace]
 28162 | D:15     | Gained mutation: You are very agile. (Dex +4) [Jiyva's
                  | grace]
 28162 | D:15     | Found a stormy altar of Qazlal.
 28279 | D:15     | Found a staircase to the Depths.
 29188 | Spider:1 | Entered Level 1 of the Spider Nest
 29247 | Spider:1 | Reached skill level 5 in Stealth
 29284 | Spider:1 | Reached XP level 17. HP: 111/130 MP: 0/0
 29284 | Spider:1 | Learned a level 7 spell: Spellforged Servitor
 30317 | Spider:2 | Lost mutation: You are completely covered in iridescent
                  | scales. (AC +6) [Jiyva's grace]
 30317 | Spider:2 | Lost mutation: Your skin changes colour to match your
                  | surroundings (Stealth+). [Jiyva's grace]
 30317 | Spider:2 | Gained mutation: You are strong-willed. (Will+) [Jiyva's
                  | grace]
 30317 | Spider:2 | Gained mutation: You are highly strong-willed. (Will++)
                  | [Jiyva's grace]
 30317 | Spider:2 | Gained mutation: You are extremely strong-willed. (Will+++)
                  | [Jiyva's grace]
 30317 | Spider:2 | Gained mutation: Your movements are slightly less
                  | encumbered by armour. (ER -2) [Jiyva's grace]
 30336 | Spider:2 | Reached skill level 15 in Spellcasting
 30572 | Spider:3 | Found a runed translucent door.
 30751 | Spider:3 | Noticed Arachne
 30781 | Spider:3 | Killed Arachne
 30845 | Spider:3 | Noticed Asterion
 30850 | Spider:3 | Killed Asterion
 31042 | Spider:3 | Identified the amulet "Buigo" {Acrobat rCorr}
 31294 | Spider:3 | Noticed Nikola
 31317 | Spider:3 | Killed Nikola
 31468 | Spider:3 | Noticed sirJeffrey23's ghost (adept HOMo)
 31613 | Spider:4 | Entered Level 4 of the Spider Nest
 31644 | Spider:4 | Noticed Mara
 31650 | Spider:4 | Killed Mara
 31695 | Spider:4 | Reached skill level 15 in Fighting
 31898 | Spider:4 | Noticed Mlioglotl
 31914 | Spider:4 | Killed Mlioglotl
 32027 | Spider:4 | Identified the +7 chain mail "Hulett" {rPois Regen+ Stlth+}
 32122 | Spider:4 | Noticed Bai Suzhen
 32163 | Spider:4 | Slimified Bai Suzhen
 32163 | Spider:4 | Noticed Bai Suzhen
 32163 | Spider:4 | Bai Suzhen changed into Bai Suzhen the azure jelly
 32240 | Spider:4 | Got a gossamer rune of Zot
 32497 | Shoals:1 | Entered Level 1 of the Shoals
 32594 | Shoals:1 | Found Kan Axio's Antique Armour Shoppe.
 32609 | Shoals:1 | Bought a runed helmet for 217 gold pieces
 32699 | Shoals:1 | Found a runed translucent door.
 32700 | Shoals:1 | Found a shimmering altar of Xom.
 32700 | Shoals:1 | Found the +5 sword of Power {vorpal}
 32702 | Shoals:1 | Noticed BeAPotato's ghost (adept OgTm)
 32917 | Shoals:1 | Found the +4 moon troll leather armour {Spirit, Regen++
                  | MP+5}
 32986 | Shoals:1 | Lost mutation: You are mostly covered in iridescent scales.
                  | (AC +4) [Jiyva's grace]
 32986 | Shoals:1 | Lost mutation: You are very agile. (Dex +4) [Jiyva's grace]
 32986 | Shoals:1 | Lost mutation: You are extremely strong-willed. (Will+++)
                  | [Jiyva's grace]
 32986 | Shoals:1 | Lost mutation: You have acidic saliva. [Jiyva's grace]
 32986 | Shoals:1 | Lost mutation: Your movements are slightly less encumbered
                  | by armour. (ER -2) [Jiyva's grace]
 32986 | Shoals:1 | Lost mutation: Your melee attacks may engulf your foes in
                  | ooze. [Jiyva's grace]
 32986 | Shoals:1 | Gained mutation: Your rubbery body absorbs attacks. (AC +1,
                  | EV +1) [Jiyva's grace]
 32986 | Shoals:1 | Gained mutation: Your pliable body absorbs attacks. (AC +2,
                  | EV +2) [Jiyva's grace]
 32986 | Shoals:1 | Gained mutation: Your gelatinous body deflects attacks. (AC
                  | +3, EV +3) [Jiyva's grace]
 32986 | Shoals:1 | Gained mutation: You are very agile. (Dex +4) [Jiyva's
                  | grace]
 33808 | Shoals:2 | Identified the +1 leather armour of Hysteria {rElec}
 34667 | Shoals:4 | Entered Level 4 of the Shoals
 34726 | Shoals:4 | Noticed a sphinx
 34729 | Shoals:4 | Noticed a sphinx
 34730 | Shoals:4 | Killed a sphinx
 34735 | Shoals:4 | Killed a sphinx
 34753 | Shoals:4 | Killed a sphinx
 34796 | Shoals:4 | Reached skill level 1 in Armour
 35072 | Shoals:4 | Noticed Polyphemus
 35077 | Shoals:4 | Killed Polyphemus
 35110 | Shoals:4 | Lost mutation: You are very agile. (Dex +4) [Jiyva's grace]
 35110 | Shoals:4 | Lost mutation: Your muscles are strong. (Str +2) [Jiyva's
                  | grace]
 35110 | Shoals:4 | Lost mutation: Your gelatinous body deflects attacks. (AC
                  | +3, EV +3) [Jiyva's grace]
 35110 | Shoals:4 | Gained mutation: You are mostly covered in iridescent
                  | scales. (AC +4) [Jiyva's grace]
 35110 | Shoals:4 | Gained mutation: You are completely covered in iridescent
                  | scales. (AC +6) [Jiyva's grace]
 35110 | Shoals:4 | Gained mutation: You are resistant to electric shocks.
                  | (rElec) [Jiyva's grace]
 35110 | Shoals:4 | Gained mutation: Your translucent skin slightly reduces
                  | your foes' accuracy. (Stealth+) [Jiyva's grace]
 35131 | Shoals:4 | Got a barnacled rune of Zot
 35625 | Elf:1    | Entered Level 1 of the Elven Halls
 35687 | Elf:1    | Reached XP level 18. HP: 132/138 MP: 0/0
 35848 | Elf:1    | Reached skill level 5 in Armour
 36180 | Elf:1    | You are sucked into a shaft and drop 1 floor!
 36262 | Elf:2    | Reached skill level 16 in Fighting
 36279 | Elf:2    | Identified the ring of Zoin Jio {rC++ Int+6}
 36364 | Elf:2    | Found a runed translucent gate.
 36366 | Elf:2    | Found a runed translucent gate.
 36366 | Elf:2    | Found a runed translucent gate.
 36919 | Elf:3    | Entered Level 3 of the Elven Halls
 37020 | Elf:3    | Paralysed by an air elemental for 1 turns
 37036 | Elf:3    | Noticed pigah's ghost (adept OpAE)
 37037 | Elf:3    | Lost mutation: You are completely covered in iridescent
                  | scales. (AC +6) [Jiyva's grace]
 37037 | Elf:3    | Lost mutation: You are agile. (Dex +2) [Jiyva's grace]
 37037 | Elf:3    | Lost mutation: You are resistant to electric shocks.
                  | (rElec) [Jiyva's grace]
 37037 | Elf:3    | Gained mutation: You are extremely strong-willed. (Will+++)
                  | [Jiyva's grace]
 37037 | Elf:3    | Gained mutation: You are resistant to electric shocks.
                  | (rElec) [Jiyva's grace]
 37037 | Elf:3    | Gained mutation: Armour fits poorly on your large
                  | pseudopods. [Jiyva's grace]
 37037 | Elf:3    | Gained mutation: Armour fits poorly on your massive
                  | pseudopods. [Jiyva's grace]
 37042 | Elf:3    | Found a transporter.
 37043 | Elf:3    | Found a bloodstained altar of Trog.
 37047 | Elf:3    | Noticed a deep elf blademaster
 37050 | Elf:3    | Found a transporter.
 37055 | Elf:3    | Noticed a deep elf blademaster
 37067 | Elf:3    | Noticed a deep elf blademaster
 37310 | Elf:3    | Was placed under penance by Jiyva
 37396 | Elf:3    | Noticed a deep elf blademaster
 37400 | Elf:3    | Noticed a deep elf blademaster
 37401 | Elf:3    | Killed a deep elf blademaster
 37405 | Elf:3    | Noticed a deep elf blademaster
 37409 | Elf:3    | Killed a deep elf blademaster
 37409 | Elf:3    | Killed a deep elf blademaster
 37440 | Elf:3    | Noticed a deep elf master archer
 37444 | Elf:3    | Killed a deep elf master archer
 37638 | Elf:3    | Was forgiven by Jiyva
 37720 | Elf:3    | Noticed a deep elf blademaster
 37728 | Elf:3    | Reached XP level 19. HP: 98/147 MP: 0/0
 37728 | Elf:3    | Learned a level 6 spell: Death Channel
 37735 | Elf:3    | Killed a deep elf blademaster
 37913 | Elf:3    | Reached skill level 1 in Unarmed Combat
 38118 | Orc:2    | Bought the amulet "Tausos" {Regen+ Slay+5} for 928 gold
                  | pieces
 38284 | Vaults:1 | Entered Level 1 of the Vaults
 38327 | D:14     | Was placed under penance by Jiyva
 38756 | Depths:1 | Entered Level 1 of the Depths
 39099 | D:15     | Lost mutation: Your mind is very acute. (Int +4) [the
                  | all-consuming vengeance of Jiyva]
 39099 | D:15     | Gained mutation: You are weak. (Str -2) [the all-consuming
                  | vengeance of Jiyva]
 39099 | D:15     | Lost mutation: Your translucent skin slightly reduces your
                  | foes' accuracy. (Stealth+) [the all-consuming vengeance of
                  | Jiyva]
 39114 | Depths:1 | Lost mutation: Your pliable body absorbs attacks. (AC +2,
                  | EV +2) [the all-consuming vengeance of Jiyva]
 39211 | Depths:1 | Was forgiven by Jiyva
 39500 | Depths:1 | Reached skill level 5 in Unarmed Combat
 39660 | Depths:1 | Found a gateway to Hell.
 39829 | Depths:1 | Reached skill level 17 in Fighting
 39866 | Depths:1 | Noticed a lich
 39872 | Depths:1 | Killed a lich
 39983 | Depths:1 | Noticed a juggernaut
 40212 | Depths:1 | Identified the +0 robe "Emymypug" {Harm rF+ rCorr Int+5}
 40477 | Depths:2 | Reached XP level 20. HP: 144/155 MP: 0/0
 40683 | Depths:2 | Found a one-way gate leading to the halls of Pandemonium.
 40832 | Depths:2 | Lost mutation: You are extremely strong-willed. (Will+++)
                  | [Jiyva's grace]
 40832 | Depths:2 | Lost mutation: You are highly strong-willed. (Will++)
                  | [Jiyva's grace]
 40832 | Depths:2 | Lost mutation: You are resistant to electric shocks.
                  | (rElec) [Jiyva's grace]
 40832 | Depths:2 | Lost mutation: You are weak. (Str -2) [Jiyva's grace]
 40832 | Depths:2 | Gained mutation: Your mind is very acute. (Int +4) [Jiyva's
                  | grace]
 40832 | Depths:2 | Gained mutation: You possess an exceptional clarity of
                  | mind. [Jiyva's grace]
 40832 | Depths:2 | Gained mutation: You are agile. (Dex +2) [Jiyva's grace]
 40832 | Depths:2 | Gained mutation: You are very agile. (Dex +4) [Jiyva's
                  | grace]
 41922 | Depths:3 | Noticed a caustic shrike
 41922 | Depths:3 | Noticed a juggernaut
 41947 | Depths:3 | Noticed a tentacled monstrosity
 42009 | Depths:3 | Reached skill level 10 in Unarmed Combat
 42184 | Depths:3 | Noticed a walking crystal tome
 42611 | Depths:4 | Entered Level 4 of the Depths
 42649 | Depths:4 | Noticed a golden dragon
 42665 | Depths:4 | Noticed Frederick
 42676 | Depths:4 | Killed Frederick
 42727 | Depths:4 | Found a one-way gateway to a ziggurat.
 42727 | Depths:4 | Noticed a dread lich
 42871 | Depths:4 | Reached skill level 18 in Fighting
 42953 | Depths:4 | Reached XP level 21. HP: 123/163 MP: 0/0
 42953 | Depths:4 | Learned a level 8 spell: Borgnjor's Revivification
 42981 | Depths:4 | Lost mutation: You are mostly covered in iridescent scales.
                  | (AC +4) [Jiyva's grace]
 42981 | Depths:4 | Lost mutation: Armour fits poorly on your massive
                  | pseudopods. [Jiyva's grace]
 42981 | Depths:4 | Lost mutation: You have a small jelly attached to you that
                  | senses nearby items. [Jiyva's grace]
 42981 | Depths:4 | Gained mutation: You have hidden genetic potential.
                  | [Jiyva's grace]
 42981 | Depths:4 | Gained mutation: You have great hidden genetic potential.
                  | [Jiyva's grace]
 42981 | Depths:4 | Gained mutation: Your flesh is almost immune to the effects
                  | of heat. (rF+++) [Jiyva's grace]
 42981 | Depths:4 | Gained mutation: Your pliable body absorbs attacks. (AC +2,
                  | EV +2) [Jiyva's grace]
 43156 | Depths:4 | Noticed a bone dragon
 43496 | Depths:4 | Found Quth's Jewellery Emporium.
 43498 | Depths:4 | Found Dulepu's Book Shop.
 43499 | Depths:4 | Found Ewuol's Jewellery Emporium.
 43640 | Depths:4 | Found a runed translucent door.
 43640 | Depths:4 | Found a runed translucent door.
 43735 | Depths:4 | Killed a golden dragon
 43770 | Depths:4 | Found a runed translucent door.
 43773 | Depths:4 | Found a runed translucent door.
 43778 | Depths:4 | Found a gate to the Realm of Zot.
 43850 | Depths:4 | Found a runed translucent door.
 43852 | Depths:4 | Found a runed translucent door.
 43917 | Depths:4 | Noticed a golden dragon
 43970 | Depths:4 | Killed a bone dragon
 43978 | Depths:4 | Killed a golden dragon
 44728 | Vaults:1 | Found Jiunaif's Antique Weapon Shop.
 44966 | Vaults:1 | Identified the +5 great mace of Fee Simple {elec, rN++
                  | Dex-4}
 45149 | Vaults:1 | Identified the amulet of the Invisible Hand {Spirit rCorr}
 45285 | Vaults:1 | Lost mutation: You possess an exceptional clarity of mind.
                  | [Jiyva's grace]
 45285 | Vaults:1 | Lost mutation: You have great hidden genetic potential.
                  | [Jiyva's grace]
 45285 | Vaults:1 | Gained mutation: You possess an exceptional clarity of
                  | mind. [Jiyva's grace]
 45285 | Vaults:1 | Gained mutation: You are covered in slimy tendrils that may
                  | disarm your opponents. [Jiyva's grace]
 45285 | Vaults:1 | Gained mutation: Your translucent skin slightly reduces
                  | your foes' accuracy. (Stealth+) [Jiyva's grace]
 45285 | Vaults:1 | Gained mutation: Your translucent skin reduces your foes'
                  | accuracy. (Stealth+) [Jiyva's grace]
 45369 | Vaults:1 | Noticed JumbleTraveling's ghost (adept GrBe)
 45370 | Vaults:1 | Found a transporter.
 45518 | Vaults:1 | Found a transporter.
 45704 | Vaults:2 | Reached XP level 22. HP: 126/171 MP: 0/0
 45766 | Vaults:2 | Noticed Zenata
 45818 | Vaults:2 | Slimified Zenata
 45818 | Vaults:2 | Noticed Zenata
 45818 | Vaults:2 | Zenata changed into Zenata the azure jelly
 45974 | Vaults:2 | Gained mutation: Your muscles are strong. (Str +2) [hidden
                  | potential]
 45985 | Vaults:2 | Reached skill level 19 in Fighting
 46263 | Vaults:2 | Found a staircase to the Crypt.
 47150 | Vaults:3 | Reached skill level 15 in Unarmed Combat
 47375 | Vaults:3 | Lost mutation: You are very agile. (Dex +4) [Jiyva's grace]
 47375 | Vaults:3 | Lost mutation: Your mind is very acute. (Int +4) [Jiyva's
                  | grace]
 47375 | Vaults:3 | Lost mutation: Your muscles are strong. (Str +2) [Jiyva's
                  | grace]
 47375 | Vaults:3 | Lost mutation: Your pliable body absorbs attacks. (AC +2,
                  | EV +2) [Jiyva's grace]
 47375 | Vaults:3 | Lost mutation: Your translucent skin reduces your foes'
                  | accuracy. (Stealth+) [Jiyva's grace]
 47375 | Vaults:3 | Lost mutation: You are covered in slimy tendrils that may
                  | disarm your opponents. [Jiyva's grace]
 47375 | Vaults:3 | Gained mutation: You are very agile. (Dex +4) [Jiyva's
                  | grace]
 47375 | Vaults:3 | Gained mutation: Your body has grown eyes which may confuse
                  | attackers. (Acc +3) [Jiyva's grace]
 47375 | Vaults:3 | Gained mutation: Your body has grown many eyes which may
                  | confuse attackers. (Acc +5) [Jiyva's grace]
 47375 | Vaults:3 | Gained mutation: Your body is covered in eyes which may
                  | confuse attackers. (Acc +7, SInv) [Jiyva's grace]
 48243 | Vaults:3 | Noticed Margery
 48258 | Vaults:3 | Killed Margery
 48493 | Vaults:4 | Reached XP level 23. HP: 176/180 MP: 0/0
 48493 | Vaults:4 | Learned a level 7 spell: Ozocubu's Refrigeration
 48595 | Vaults:4 | Gained mutation: You are robust. (+10% HP) [hidden
                  | potential]
 48595 | Vaults:4 | Lost mutation: You have hidden genetic potential. [hidden
                  | potential expressed]
 49213 | Vaults:4 | Found Roliob's Assorted Antiques.
 49664 | Vaults:5 | Entered Level 5 of the Vaults
 49664 | Vaults:5 | Lost mutation: Your body is covered in eyes which may
                  | confuse attackers. (Acc +7, SInv) [Jiyva's grace]
 49664 | Vaults:5 | Lost mutation: Armour fits poorly on your large pseudopods.
                  | [Jiyva's grace]
 49664 | Vaults:5 | Gained mutation: You passively map a small area around you.
                  | [Jiyva's grace]
 49664 | Vaults:5 | Gained mutation: You passively map the area around you.
                  | [Jiyva's grace]
 49664 | Vaults:5 | Gained mutation: You passively map a large area around you.
                  | [Jiyva's grace]
 49664 | Vaults:5 | Gained mutation: You have a beak for a mouth. [Jiyva's
                  | grace]
 49665 | Vaults:5 | Noticed an ancient lich
 49667 | Vaults:5 | Reached skill level 20 in Fighting
 49668 | Vaults:5 | Reached skill level 10 in Stealth
 49695 | Vaults:4 | Killed an ancient lich
 49950 | Vaults:5 | Identified the +6 hand crossbow of the Several Allies
                  | {vorpal, rC+ Will+ SInv}
 49960 | Vaults:5 | Noticed a dread lich
 50080 | Vaults:5 | Noticed a dread lich
 50088 | Vaults:5 | Killed a dread lich
 50093 | Vaults:5 | Reached XP level 24. HP: 200/205 MP: 0/0
 50143 | Vaults:5 | Killed a dread lich
 50148 | Vaults:5 | Noticed a golden dragon
 50257 | Vaults:5 | Identified the +1 great sword of Blood {protect, rN+}
 50436 | Vaults:5 | Noticed a dread lich
 50497 | Vaults:5 | Killed a golden dragon
 50514 | Vaults:5 | Killed a dread lich
 50605 | Vaults:5 | Got a silver rune of Zot
 50881 | Depths:1 | Voluntarily entered the Abyss.
 50945 | Abyss:2  | Found a corrupted altar of Lugonu.
 50986 | Abyss:2  | Found a corrupted altar of Lugonu.
 51679 | Abyss:5  | Entered Level 5 of the Abyss
 52076 | Abyss:5  | Found a corrupted altar of Lugonu.
 52111 | Abyss:5  | Reached XP level 25. HP: 198/198 MP: 0/0
 52111 | Abyss:5  | Learned a level 8 spell: Infestation
 52111 | Abyss:5  | Reached XP level 26. HP: 206/206 MP: 0/0
 52111 | Abyss:5  | Got an abyssal rune of Zot
 52206 | Depths:1 | Escaped the Abyss
 52345 | Zot:1    | Entered Level 1 of the Realm of Zot
 52466 | Zot:3    | Noticed an orb of fire
 52611 | Zot:5    | Entered Level 5 of the Realm of Zot
 52728 | Zot:5    | Noticed a curse toe
 52734 | Zot:5    | Killed a curse toe
 52955 | Zot:5    | Noticed an orb of fire
 52955 | Zot:5    | Noticed a Killer Klown
 52956 | Zot:5    | Noticed an orb of fire
 52956 | Zot:5    | Noticed an ancient lich
 52957 | Zot:5    | Noticed a Killer Klown
 52957 | Zot:5    | Noticed an orb of fire
 52957 | Zot:5    | Noticed a Killer Klown
 52957 | Zot:5    | Noticed an ancient lich
 52960 | Zot:5    | Noticed a Killer Klown
 52964 | Zot:5    | HP: 10/204 [Orb Guardian (13)]
 52967 | Zot:5    | HP: 1/204 [Orb Guardian (8)]
 52969 | Zot:5    | Mangled by a hell beast

Illustrated notes

Levels and vault maps discovered:
D:1:      heliophobic_arrival_ceremonial_halls, layout_basic,
          basic_ecumenical_altar, serial_shops, nicolae_lakefront_shop
D:2:      layout_rooms, serial_shops, shop, basic_altar,
          nicolae_figureground_pulse
D:3:      layout_rooms, ebering_dispersal_statue_hall, uniq_ijyb
D:4:      layout_loops_ring, chequers_serial_rivers_small_a, st_stairs_14,
          minmay_surrounded, uniq_natasha
D:5:      layout_rooms, minmay_temple_entry_crystal_x, roderic_batcave
D:6:      layout_cave_pools, uniq_pikel, uniq_grinder, uniq_blork_the_orc
D:7:      layout_basic
D:8:      layout_basic, erik_lair_orcish_takeover, serial_shops, shop,
          enter_bailey_8, uniq_grum, uniq_joseph, uniq_maurice
D:9:      layout_irregular_city, lemuel_coloured_pillars_altar, serial_shops,
          nicolae_square_shop, nicolae_shop_sticking_my_neck_out
D:10:     layout_basic, ebering_ghost_xom, lightli_minifort, uniq_erica
D:11:     cheibrodos_shockbox, layout_loops_ring, erik_orc_1
D:12:     layout_loops_ring, gauntlet_entry_generic
D:13:     layout_gridville, special_room [special_room_orc]
D:14:     layout_rooms, lightli_vaults_fourway_checkpoint, serial_shops,
          freezing_bzr, minmay_strange_pillars,
          nicolae_concentric_dashed_squares_mild
D:15:     hangedman_depths_entry_civil_slaughter, layout_basic,
          minmay_misc_feat_square, grunt_qazlal_sundering
Temple:   mainiacjoe_temple_hex_bubbles
Lair:1:   layout_gridlike, hellmonk_guarded_unrand_zhor
Lair:2:   layout_cave_pods, nicolae_spider_entry_tight_spaces, disabler_island
Lair:3:   layout_gridlike, elwin_shoals_entry_rocks, st_stairs_7
Lair:4:   layout_cave_pods, columned_hall_lemuel, serial_bayou_shore_a,
          grunt_megastairs_5, uniq_nergalle
Lair:5:   layout_gridlike, slime_altar_2
Lair:6:   hellmonk_lair_end_abyssal_woods, layout_regular_city, pond,
          grunt_megastairs_2, serial_bayou_shore_b
Shoals:1: cheibrodos_shoals_epimethial_gifts, layout_shoals, ebering_ghost_xom,
          serial_shops, nicolae_shop_advertising_works
          [nicolae_subvault_shop_adworks]
Shoals:2: layout_shoals, nicolae_shoals_stone_sculpture_thing
Shoals:3: layout_shoals, nicolae_shoals_enchanted_isle
Shoals:4: shoals_end_hellmonk_lost_city, uniq_polyphemus
Spider:1: layout_cave_pods
Spider:2: layout_spider_delve, hellmonk_deceptive_appearances
Spider:3: mumra_spider_spiderweb, ebering_ghost_reflecting_pool,
          nicolae_spider_bzzzt, uniq_arachne, uniq_nikola, uniq_asterion
Spider:4: grunt_spider_rune_parallel, nicolae_spider_jagged_tunnels, uniq_mara,
          uniq_mlioglotl, uniq_bai_suzhen
Slime:1:  layout_caves
Slime:2:  layout_caves
Slime:3:  layout_caves
Slime:4:  layout_caves
Slime:5
Orc:1:    layout_caves, basic_altar, nicolae_shop_clearance
Orc:2:    st_orc_open, layout_caves, enter_volcano_2, bh_open_orc_temple
Elf:1:    layout_loops_cross, basic_altar, minmay_elf_necromancy,
          nicolae_elf_deep_friendship
Elf:2:    nicolae_elf_blades_crystal_corner, layout_geoelf_octagon
Elf:3:    minmay_elf_hall_circle, layout_geoelf_castle,
          gammafunk_ghost_wrathful_warriors
Vaults:1: gammafunk_ghost_smash, vaults_standard_mumra_lines,
          ontoclasm_vaults_ring_square, hangedman_vaults_maws,
          nicolae_vaults_little_squares_5,
          vaults_standard_mumra_enter_the_diamond,
          hangedman_vaults_stretched_pinwheel, nicolae_vaults_little_squares_2,
          nicolae_vaults_sealed_display, vaults_mumra_chevron_long,
          nicolae_vaults_what_the_h, v_misc_17, nicolae_vaults_yaktaur_gun_rack,
          vaults_dpeg_encased_lava, ontoclasm_vaults_twist,
          nicolae_vaults_rhombus_5, st_more_cells, layout_vaults_maze,
          serial_shops, shop
Vaults:2: v_misc_28, minmay_crypt_entry_simple_box, v_alt_pattern_6,
          ontoclasm_vaults_eye, vaults_room_fancy_cross, special_room_vaults
          [special_room_orc], nicolae_vaults_alarming, hangedman_vaults_unwind,
          nicolae_vaults_network_barrier, vaults_dpeg_cross,
          layout_vaults_omnigrid, uniq_zenata
Vaults:3: v_rooms_4, v_rooms_1, ontoclasm_vaults_shuriken, grunt_vaults_funnel,
          nicolae_vaults_circle_grid_b, nicolae_vaults_puzzle_piece,
          serial_ice_m, v_alt_pattern_5, nicolae_vaults_specimen_jars,
          st_octagons_1, v_pattern_5, v_misc_16, layout_vaults_omnicross,
          uniq_margery
Vaults:4: nicolae_vaults_windows_and_doors_thing, dpeg_vaults_monster_box,
          v_misc_1, nicolae_vaults_triangles, nicolae_vaults_angled_halls,
          nicolae_vaults_network_quinsquares
          [nicolae_vaults_network_quincunx_subvault,
          nicolae_vaults_network_quincunx_subvault,
          nicolae_vaults_network_quincunx_subvault,
          nicolae_vaults_network_quincunx_subvault], v_misc_28, v_misc_23,
          nicolae_vaults_little_squares_4, nicolae_vaults_little_squares_6,
          nicolae_vaults_gold_heap, layout_vaults_omnibox, serial_shops,
          nicolae_shop_statue_plus
Vaults:5: serial_shops
Depths:1: layout_gridlike, abyss_entry, minmay_misc_feat_rows,
          pf_hell_entry_tar_river, minmay_hollow_rounded_squares,
          infiniplex_staircase_pool_lava
Depths:2: hangedman_elemental_death_ray, layout_basic, hangedman_coc_ice_floe,
          grunt_pan_entry_in_and_out, kennysheep_generic_room_10,
          kennysheep_random_hallway
Depths:3: kennysheep_six_static_rooms, layout_gridlike, abyss_entry_crystal,
          lightli_too_deep, minivault_12, infiniplex_staircase_pool_1
Depths:4: evilmike_zot_entry_castle, layout_gridlike, enter_ziggurat_c,
          hell_entry, abyss_entry_small_statue_room,
          hangedman_stitches_earthworm, minmay_shop_grove, serial_bayou_shore_b,
          uniq_frederick
Zot:1:    layout_cathedral_of_symmetry
Zot:2:    kennysheep_room_grid, layout_misc_corridors
Zot:3:    layout_twisted_circle, hangedman_xom_zot_hilarity, lemuel_elevator,
          uniq_parghit
Zot:4:    layout_basic, grunt_megastairs_4
Zot:5:    layout_misc_corridors, st_stairs_14

Skill      XL: |  1  2  3  4  5  6  7  8  9 10 11 12 13 14 15 16 17 18 19 20 21 22 23 24 25 26 |
---------------+-------------------------------------------------------------------------------+-----
Fighting       | 1 2 3 4 5 6 8 9 10 11 12 13 14 15 16 17 18 19 20 | 20.0
Spellcasting   | 4 5 6 7 8 9 10 12 13 14 15 16 17 18 19 | 19.3
Dodging        | 4 6 7 9 10 12 13 | 13.2
Shields        | 7 10 12 13 | 13.2
Stealth        | 2 5 6 8 10 11 | 11.5
Armour         | 3 6 |  6.0
Unarmed Combat | 7 11 14 16 18 19 | 19.3

Action                   |  1- 3 |  4- 6 |  7- 9 | 10-12 | 13-15 | 16-18 | 19-21 | 22-24 | 25-27 || total
-------------------------+-------+-------+-------+-------+-------+-------+-------+-------+-------++-------
Melee: Dagger            |       |     1 |     4 |    59 |       |       |       |       |       ||    64
       Staff             |       |       |       |     1 |    19 |    59 |     1 |       |       ||    80
       Unarmed           |       |       |       |       |    22 |    53 |  1375 |  1218 |    94 ||  2762
       Pseudopods        |       |       |       |       |     3 |    28 |   556 |   503 |    34 ||  1124
       Bite              |       |       |       |       |     1 |     7 |       |       |       ||     8
       Punch             |       |       |       |       |       |     1 |    13 |       |       ||    14
       Peck              |       |       |       |       |       |       |       |   208 |    40 ||   248
 Cast: Magic Dart        |    33 |       |       |       |       |       |       |       |       ||    33
       Searing Ray       |    15 |    20 |     3 |    27 |    57 |    52 |     1 |       |       ||   175
       Scorch            |       |    32 |    19 |    34 |     4 |       |       |       |       ||    89
       Iskenderun's Myst |       |       |    24 |   125 |   301 |   370 |   144 |    37 |     6 ||  1007
       Fulminant Prism   |       |       |     5 |    24 |    21 |     2 |     3 |       |       ||    55
       Blade Hands       |       |       |       |       |     1 |     9 |    13 |     1 |       ||    24
       Conjure Ball Ligh |       |       |       |       |    11 |    32 |     1 |       |       ||    44
       Spellforged Servi |       |       |       |       |       |    67 |       |     1 |       ||    68
       Death Channel     |       |       |       |       |       |       |    26 |    26 |     6 ||    58
       Animate Armour    |       |       |       |       |       |       |     1 |       |       ||     1
       Ozocubu's Refrige |       |       |       |       |       |       |       |    79 |     6 ||    85
       Infestation       |       |       |       |       |       |       |       |       |    13 ||    13
       Borgnjor's Revivi |       |       |       |       |       |       |       |       |     1 ||     1
Invok: Slimify           |       |       |       |       |     1 |     2 |       |     1 |       ||     4
       Oozemancy         |       |       |       |       |       |       |     2 |       |       ||     2
 Abil: End Transformatio |       |       |       |       |       |       |     1 |     1 |       ||     2
Evoke: Wand              |       |       |     2 |     9 |       |     6 |       |       |       ||    17
  Use: Scroll            |     3 |     3 |     8 |    11 |    13 |     6 |    10 |     8 |     4 ||    66
       Potion            |       |       |     1 |       |       |     1 |       |     5 |     1 ||     8
 Stab: Sleeping          |       |       |       |     1 |       |       |    12 |     6 |     2 ||    21
       Betrayed ally     |       |       |       |       |       |     1 |       |       |       ||     1
       Distracted        |       |       |       |       |       |       |     6 |    16 |     2 ||    24
       Confused          |       |       |       |       |       |       |       |    20 |     5 ||    25
Armor: Robe              |     1 |     2 |     3 |     6 |       |       |       |       |       ||    12
       Leather armour    |     1 |     1 |       |       |       |       |       |       |       ||     2
       Animal skin       |       |       |       |     9 |    49 |    56 |       |       |       ||   114
       Troll leather arm |       |       |       |       |       |    78 |   426 |   292 |    35 ||   831
Dodge: Dodged            |     2 |     5 |    11 |    98 |   128 |   312 |   660 |   564 |    57 ||  1837
Block: Kite shield       |       |       |       |       |    69 |   335 |   956 |   975 |   102 ||  2437

Table legend: (Time is in decaauts)
 A = Elapsed time spent in this place.
 B = Non-inter-level travel time spent in this place.
 C = Inter-level travel time spent in this place.
 D = Time resting spent in this place.
 E = Time spent auto-exploring this place.
 F = Levels seen in this place.
 G = Mean time per level.
                   A        B        C        D        E       F      G
               +--------+--------+--------+--------+--------+-----+--------+
         Total |  52634 |  48112 |   4522 |   1848 |  34269 |  62 |  848.9 |
       Dungeon |  17662 |  15765 |   1897 |    937 |  12502 |  15 | 1177.5 |
        Temple |     36 |     24 |     12 |      0 |     24 |   1 |   36.0 |
          Lair |  10591 |   9386 |   1205 |    667 |   7401 |   6 | 1765.2 |
        Shoals |   2774 |   2660 |    114 |      0 |   1642 |   4 |  693.5 |
   Spider Nest |   3248 |   3151 |     97 |     38 |   2056 |   4 |  812.0 |
    Slime Pits |    195 |    108 |     87 |      0 |     47 |   5 |   39.0 |
  Orcish Mines |   1144 |   1027 |    117 |     10 |    755 |   2 |  572.0 |
   Elven Halls |   2543 |   2343 |    200 |      0 |   1655 |   3 |  847.7 |
        Vaults |   6028 |   5706 |    322 |    182 |   3531 |   5 | 1205.6 |
        Depths |   5544 |   5143 |    401 |     14 |   3224 |   4 | 1386.0 |
           Zot |    610 |    545 |     65 |      0 |    367 |   5 |  122.0 |
         Abyss |   1234 |   1234 |      0 |      0 |    481 |   5 |  246.8 |
        Bazaar |    239 |    239 |      0 |      0 |    170 |   1 |  239.0 |
       Volcano |    250 |    250 |      0 |      0 |    124 |   1 |  250.0 |
      Gauntlet |    529 |    529 |      0 |      0 |    290 |   1 |  529.0 |
               +--------+--------+--------+--------+--------+-----+--------+

Top non-repeatable levels by time:
  Lair:5: 2195 daAuts
  Lair:1: 2086 daAuts
Depths:4: 1836 daAuts
  Lair:2: 1765 daAuts
     D:4: 1692 daAuts
  Lair:3: 1600 daAuts
     D:8: 1568 daAuts
     D:1: 1516 daAuts
  Lair:4: 1493 daAuts
Vaults:4: 1463 daAuts
  Lair:6: 1450 daAuts
     D:7: 1448 daAuts
Vaults:2: 1419 daAuts
Depths:1: 1410 daAuts
    D:15: 1404 daAuts
